Map: Catalyst LE

Players

PasT - Winner!

  • Race: Zerg Zerg
  • League: Master
  • Spawn Location: 5:00

A.I. 1 (Very Easy)

  • Race: Terran Terran
  • Spawn Location: 11:00

VOD

Have the link to the VOD?

Description

Time

  • Played on: April 20, 2018, 3:15 p.m.
  • Length: 12:11
Show
View Real Time Build Order
Export as new Build Order

PasT Zerg - Winner!

Build Orders: Hatch First 

Get SALT Encoding   

  12  0:00  Drone  
  13  0:12  Overlord  
  13  0:17  Drone  
  14  0:30  Drone x2  
  14  0:34  Drone  
  17  0:52  Hatchery  
  17  0:54  Drone  
  17  0:57  Drone  
  17  1:01  Extractor  
  17  1:13  Spawning Pool  
  17  1:16  Drone  
  17  1:19  Drone  
  18  1:27  Drone  
  19  1:38  Overlord  
  19  1:49  Drone  
  20  2:02  Queen, Metabolic Boost  
  20  2:04  Queen  
  20  2:05  Zergling x2  
  25  2:09  Zergling x2  
  25  2:11  Zergling x2  
  25  2:15  Drone  
  28  2:21  Drone  
  29  2:25  Drone  
  30  2:37  Queen  
  30  2:38  Overlord  
  30  2:39  Queen  
  30  2:43  Overlord  
  34  2:47  Drone x2  
  36  3:02  Hatchery  
  36  3:05  Drone  
  36  3:06  Drone  
  36  3:08  Drone  
  36  3:10  Drone  
  39  3:13  Drone  
  39  3:15  Drone  
  39  3:19  Drone x2  
  43  3:21  Drone  
  43  3:23  Drone  
  43  3:25  Drone  
  46  3:30  Extractor  
  46  3:32  Extractor  
  44  3:35  Queen  
  44  3:39  Queen  
  48  3:45  Overlord  
  48  3:46  Overlord  
  48  3:57  Drone x4  
  52  4:08  Drone  
  52  4:09  Drone x3  
  56  4:12  Lair  
  56  4:15  Extractor  
  55  4:22  Evolution Chamber  
  55  4:23  Drone, Evolution Chamber  
  54  4:24  Baneling Nest  
  54  4:27  Drone  
  54  4:28  Drone  
  54  4:29  Drone  
  56  4:36  Drone x3  
  59  4:43  Drone x4  
  63  4:49  Zerg Missile Weapons Level 1  
  63  4:52  Zerg Ground Armor Level 1  
  63  5:02  Drone x3  
  63  5:04  Overlord x2  
  63  5:07  Overlord  
  66  5:12  Centrifical Hooks  
  66  5:16  Hydralisk Den  
  66  5:21  Drone  
  66  5:24  Drone  
  66  5:25  Drone x5  
  66  5:26  Drone  
  73  5:41  Drone  
  73  5:42  Drone  
  75  5:45  Hydralisk x3, Muscular Augments  
  75  5:46  Hydralisk x2  
  75  5:48  Overlord  
  85  5:51  Overlord  
  85  5:55  Hydralisk  
  85  5:56  Hydralisk  
  89  6:07  Hydralisk x4  
  89  6:09  Hydralisk  
  89  6:10  Drone, Extractor  
  99  6:14  Drone x2  
  99  6:15  Drone, Zergling x2  
  99  6:16  Zergling x2  
  99  6:17  Zergling x2  
  105  6:19  Overlord  
  105  6:26  Zergling x2  
  105  6:27  Overlord x2  
  106  6:40  Zergling x6  
  106  6:41  Zergling x8  
  106  6:43  Zerg Missile Weapons Level 2  
  106  6:46  Zerg Ground Armor Level 2  
  113  6:51  Infestation Pit  
  112  7:04  Grooved Spines  
  112  7:07  Zergling x32  
  128  7:08  Extractor  
  127  7:21  Drone x2  
  127  7:22  Drone  
  130  7:24  Overlord x2, Hatchery  
  130  7:28  Hive  
  130  7:29  Overlord  
  129  7:30  Overlord  
  129  7:50  Hydralisk  
  129  7:51  Drone x2  
  133  7:52  Drone  
  133  7:55  Drone x6  
  140  7:58  Drone x2  
  140  8:00  Hatchery  
  141  8:14  Hydralisk x3  
  141  8:18  Hydralisk x4  
  141  8:19  Hydralisk x3  
  161  8:23  Baneling  
  161  8:24  Baneling x14  
  161  8:26  Overlord  
  161  8:28  Overlord  
  161  8:31  Overlord  
  161  8:33  Overlord  
  161  8:47  Drone x5  
  166  8:52  Drone x6  
  166  8:53  Drone x2  
  166  8:55  Extractor  
  173  8:56  Extractor  
  173  8:58  Hydralisk  
  173  8:59  Hydralisk  
  176  9:04  Zerg Missile Weapons Level 3  
  176  9:10  Zerg Ground Armor Level 3  
  176  9:15  Hatchery  
  176  9:16  Ultralisk Cavern  
  174  9:18  Queen  
  174  9:19  Hydralisk  
  174  9:20  Hydralisk  
  180  9:27  Hydralisk x4  
  188  9:33  Zergling x10  
  188  9:34  Hydralisk  
  188  9:36  Hydralisk  
  197  9:52  Hydralisk  
  199  9:53  Zergling x2  
  199  9:57  Extractor  
  199  10:00  Extractor  
  197  10:12  Hydralisk x2  
  199  10:33  Chitinous Plating  
  199  10:35  Spire  
  198  10:37  Drone  
  198  10:38  Drone, Spire  
  199  10:48  Evolution Chamber  
Show
View Real Time Build Order
Export as new Build Order

A.I. 1 (Very Easy) Terran 

Build Orders: Reaper Expand 

Get SALT Encoding   

  12  0:00  SCV  
  13  0:13  SCV  
  14  0:19  Supply Depot  
  14  0:42  Barracks  
  14  1:03  Command Center  
  14  1:28  Marine  
  14  1:31  Supply Depot, Orbital Command  
  15  1:37  Refinery  
  15  1:48  Refinery  
  15  1:56  SCV  
  16  2:08  SCV  
  16  2:15  SCV  
  18  2:17  Reaper  
  18  2:22  SCV  
  20  2:29  SCV  
  21  2:36  SCV  
  22  2:37  Refinery  
  22  2:43  SCV  
  23  2:51  SCV  
  24  2:58  SCV  
  25  3:05  SCV, Marine  
  27  3:12  SCV  
  28  3:19  Factory, SCV  
  28  3:41  Refinery  
  28  3:44  SCV  
  29  3:51  SCV  
  29  3:54  Barracks Tech Lab  
  30  3:58  SCV  
  30  4:01  Supply Depot  
  31  4:06  SCV  
  31  4:07  Starport  
  32  4:12  Marine  
  32  4:13  SCV  
  34  4:20  SCV  
  35  4:27  SCV  
  36  4:34  SCV  
  36  4:37  Supply Depot  
  37  4:41  SCV  
  37  4:44  Starport Tech Lab  
  38  4:49  SCV  
  39  4:56  SCV  
  39  5:00  Marine  
  39  5:03  Raven, SCV  
  43  5:10  SCV  
  44  5:17  SCV  
  45  5:25  SCV  
  46  5:32  SCV  
  47  5:46  Raven  
  47  5:49  Marauder  
  51  6:00  SCV  
  51  6:38  Marauder  
  53  7:26  Marine  
  54  9:05  SCV  
  54  10:09  Marine  
  54  10:12  Raven  
  43  10:20  SCV  
  43  10:39  Hellion  
  43  10:42  Supply Depot  
  44  10:55  Raven  
  46  10:58  Marine  
  47  11:09  Supply Depot  
  45  11:16  Marine  
  46  11:35  Marine  
Tags
 
Add a new tag
Caveats
  • Supply blocks, unpowered buildings, or Contaminate may cause inaccurate times.
  • Supply counts are checked every 10 seconds.